 Dungeon Crawl Stone Soup version 0.28.0 (webtiles) character file.

Game seed: 13158946076286375641

4060 oldriver the Fighter (level 10, -12/68 HPs)
             Began as a Gargoyle Fighter on Feb 7, 2022.
             Mangled by an orc warrior (24 damage)
             ... in a bailey.
             The game lasted 00:13:30 (11458 turns).

oldriver the Fighter (Gargoyle Fighter)            Turns: 11458, Time: 00:13:31

Health: -12/68     AC: 24    Str: 24    XL:     10   Next: 25%
Magic:  19/19      EV:  7    Int:  9    God:
Gold:   257        SH:  4    Dex:  9    Spells: 9/9 levels left

rFire   . . .      SeeInvis .   a - +0 flail
rCold   . . .      Faith    .   c - +0 buckler
rNeg    + . .      Spirit   .   s - +0 chain mail
rPois   ∞          Reflect  .   o - +0 helmet
rElec   +          Harm     .   f - +2 cloak
rCorr   .          Rampage  .   e - +2 pair of gloves {hurl}
Will    .....                   (no boots)
Stlth   ..........              (no amulet)
HPRegen 0.21/turn               y - ring of magical power
MPRegen 0.16/turn               (no ring)

@: no status effects
A: sickness immunity, AC +7, negative energy resistance 1, electricity
resistance, torment resistance 1, petrification resistance
a: no special abilities


You were in a bailey.
You visited 2 branches of the dungeon, and saw 9 of its levels.
You also visited: Bailey.

You collected 472 gold pieces.
You spent 215 gold pieces at shops.

Inventory:

Hand Weapons
 a - a +0 flail (weapon)
 v - the +10 halberd of Exquisite Death {holy, rF+}
   (You found it on level 8 of the Dungeon)

   It has been blessed by the Shining One to cause great damage to the undead
   and demons.
   rF:        It protects you from fire.
Missiles
 h - 7 poisoned darts
 i - 170 stones (quivered)
 u - 2 throwing nets
Armour
 c - a +0 buckler (worn)
 e - a +2 pair of gloves of hurling (worn)
 f - a +2 cloak (worn)
 o - a +0 helmet (worn)
 s - a +0 chain mail (worn)
Jewellery
 y - a ring of magical power (left hand)
Wands
 p - a wand of digging (4)
 w - a wand of polymorph (13)
Scrolls
 g - 3 scrolls of teleportation
 r - 3 scrolls of identify
Potions
 d - a potion of might
 j - 2 potions of resistance
 k - a potion of attraction {unknown}
 l - 2 potions of haste {unknown}
 m - a potion of invisibility {unknown}
 n - 2 potions of heal wounds {unknown}
 q - 3 potions of brilliance
 t - a potion of mutation {unknown}


   Skills:
 + Level 10.8 Fighting
 + Level 9.7 Maces & Flails
 - Level 2.0 Throwing
 - Level 5.0 Armour
 + Level 4.5 Stealth
 - Level 3.2 Shields


You had 9 spell levels left.
You didn't know any spells.
Your spell library contained the following spells:

 Spells                   Type           Power      Damage    Failure   Level
 Magic Dart               Conj           0%         1d3       98%         1
 Summon Small Mammal      Summ           0%         N/A       98%         1
 Ensorcelled Hibernation  Hex/Ice        0%         N/A       99%         2
 Searing Ray              Conj           0%         2d4       99%         2
 Call Canine Familiar     Summ           0%         N/A       100%        3
 Ozocubu's Armour         Ice            0%         N/A       100%        3
 Spider Form              Tmut/Pois      0%         N/A       100%        3
 Summon Guardian Golem    Hex/Summ       0%         N/A       100%        3
 Anguish                  Hex/Necr       0%         N/A       100%        4
 Fulminant Prism          Conj/Hex       0%         3d6       100%        4
 Ozocubu's Refrigeration  Ice            0%         4d5       100%        7


Dungeon Overview and Level Annotations

Branches:
Dungeon (8/15)             Temple (1/1) D:5          Bailey (1/1)
   Lair: D:8-11

Altars:
Ashenzari
Cheibriados
Dithmenos
Elyvilon
Fedhas
Gozag
Hepliaklqana
Kikubaaqudgha
Makhleb
Nemelex Xobeh
Qazlal
Ru
Trog
Uskayaw
Vehumet
Wu Jian
Xom
Zin
The Shining One
Beogh

Shops:
D:4 [[(:   D:5 [   D:7 =

Annotations:
D:3 3 runed translucent doors, Daunt's ghost, amateur DjSu
D:4 3 runed translucent doors, pigah's ghost, amateur OpAE
D:8 Joseph


Innate Abilities, Weirdness & Mutations

You are immune to sickness and miasma.
Your stone body is resilient. (AC +7)
You are immune to poison.
You resist negative energy. (rN+)
You are resistant to electric shocks. (rElec)
You are resistant to unholy torment.
You are immune to petrification.


Message History

Press: ? - help, Shift-Dir - straight line, f/p - orc warrior
Aim: an orc warrior, wielding a +0 glaive and wearing a +0 scale mail (poisoned, 60% to hit)
You throw a poisoned dart.
The poisoned dart closely misses the orc warrior.
The poisoned dart hits the orc warrior.
The orc warrior is poisoned.
The orc hits you with a +0 halberd.
The orc warrior hits you but does no damage.
Throw: 9 darts (poison)
Press: ? - help, Shift-Dir - straight line, f/p - orc warrior
Aim: an orc warrior, wielding a +0 glaive and wearing a +0 scale mail (poisoned, 60% to hit)
You throw a poisoned dart. The poisoned dart hits the orc warrior.
The orc hits you with a +0 halberd.
The orc warrior hits you from afar with a +0 glaive!
Throw: 8 darts (poison)
Press: ? - help, Shift-Dir - straight line, f/p - orc warrior
Aim: an orc warrior, wielding a +0 glaive and wearing a +0 scale mail (poisoned, 60% to hit)
You throw a poisoned dart. The poisoned dart hits the orc warrior.
The orc warrior looks even sicker.
The orc hits you but does no damage. You block the orc warrior's attack.
The orc hits you but does no damage.
The orc warrior hits you from afar with a +0 glaive.
The orc warrior hits you but does no damage.
An orc knight comes into view. It is wielding a +0 glaive.
The orc knight shouts!
The orc warrior hits you but does no damage.
The orc knight roars a battlecry!
The orcs go into a battle-frenzy!
The orc warrior hits you from afar with a +0 halberd.
* * * LOW HITPOINT WARNING * * *
You block the orc warrior's attack.
The orc warrior hits you from afar with a +0 glaive.
* * * LOW HITPOINT WARNING * * *
The orc warrior looks more healthy.
The orc hits you but does no damage. The orc warrior barely misses you.
There is a gate leading back out of this place here.
The orc barely misses you.
The orc warrior hits you but does no damage.
The orc warrior completely misses you.
The orc warrior hits you with a +0 glaive!!
You die...

♣♣..≈≈≈≈≈.
#♣..≈≈≈≈≈..
#...≈≈≈≈..#
####..≈≈≈≈≈..#
###.....≈≈≈≈...#
♣♣♣...♣♣..≈≈≈≈...##
♣♣......♣..≈≈≈≈....#
♣..o.o....######...#
♣..@.o..o..........#
♣....o))...........'
♣.......)(..(......'
♣..∩.).............#
♣....)....######...#
♣♣.........≈≈≈≈....#
♣♣♣....♣..≈≈≈≈.♣.##
###.....≈≈≈≈...#
##.♣..≈≈≈≈♣..#


You could see an orc knight, 3 orc warriors and an orc (strong).

Vanquished Creatures
  A two-headed ogre (D:5)
  A komodo dragon (D:8)
  A yak (D:8)
  Menkaure (D:5)
  A water moccasin (D:7)
  An ice beast (D:4)
  3 orc warriors
  A black bear (D:6)
  A sky beast (D:5)
  2 necrophages
  2 ogres
  2 centaurs
  4 phantoms
  A bullfrog (D:8)
  3 scorpions
  2 wyvern zombies
  A water moccasin zombie (D:5)
  A wyvern skeleton (D:5)
  An electric eel (D:8)
  A centaur zombie (D:7)
  4 bullfrog zombies
  2 centaur skeletons
  3 orc priests (D:7)
  2 hounds
  A jelly (D:6)
  A bullfrog skeleton (D:6)
  A scorpion zombie (D:5)
  Ijyb (D:3)
  3 iguanas
  3 orc wizards
  3 howler monkey skeletons
  14 gnolls
  8 adders
  2 shadow imps
  A white imp (D:7)
  An ufetubus (D:6)
  2 adder zombies (D:5)
  2 dart slugs
  19 orcs
  7 endoplasms
  9 goblins
  9 hobgoblins
  4 quokkas
  8 ball pythons
  4 bats (D:3)
  4 frilled lizards
  10 kobolds
  7 rats
166 creatures vanquished.

Vanquished Creatures (others)
  12 fungi (D:8)
  11 plants (D:8)
23 creatures vanquished.

Grand Total: 189 creatures vanquished

Notes
Turn   | Place    | Note
-------+----------+-------------------------------------------
     0 | D:1      | oldriver the Gargoyle Fighter began the quest for the Orb.
     0 | D:1      | Reached XP level 1. HP: 14/14 MP: 1/1
   210 | D:1      | Reached XP level 2. HP: 15/19 MP: 2/2
   588 | D:1      | Found a faded altar of an unknown god.
   828 | D:1      | Reached XP level 3. HP: 24/24 MP: 3/3
   876 | D:1      | Reached skill level 4 in Fighting
  1712 | D:2      | Reached XP level 4. HP: 16/29 MP: 4/4
  2419 | D:3      | Noticed Ijyb
  2447 | D:3      | Killed Ijyb
  2750 | D:3      | Found a runed translucent gate.
  2750 | D:3      | Found a runed translucent gate.
  2751 | D:3      | Found a runed translucent gate.
  2815 | D:3      | Reached XP level 5. HP: 31/34 MP: 5/5
  3436 | D:3      | Noticed Daunt's ghost (amateur DjSu)
  3654 | D:4      | Found Maocot's Book Shop.
  3662 | D:4      | Found Kuosegic's Antique Weapon Emporium.
  3713 | D:4      | Found Kybesiemaps's Antique Armour Shoppe.
  3743 | D:4      | Reached skill level 5 in Fighting
  4039 | D:4      | Reached XP level 6. HP: 19/40 MP: 6/6
  4207 | D:4      | Found a runed translucent gate.
  4207 | D:4      | Noticed pigah's ghost (amateur OpAE)
  4208 | D:4      | Found a runed translucent gate.
  4208 | D:4      | Identified the +10 whip of Qimih {vamp, rC+ Stlth+}
  4209 | D:4      | Found a runed translucent gate.
  4699 | D:4      | Found Headysch's Armour Emporium.
  4831 | D:5      | Entered Level 5 of the Dungeon
  4984 | D:5      | Found a shimmering altar of Xom.
  4984 | D:5      | Noticed a two-headed ogre
  4984 | D:5      | Noticed an ice beast
  5209 | D:4      | Reached skill level 5 in Armour
  5462 | D:5      | Reached XP level 7. HP: 45/45 MP: 7/7
  5592 | D:5      | Noticed Menkaure
  5597 | D:5      | Killed Menkaure
  5598 | D:5      | Reached skill level 6 in Fighting
  5598 | D:5      | Reached skill level 5 in Maces & Flails
  5598 | D:5      | Found Qaures's Armour Shoppe.
  5903 | D:5      | Reached skill level 7 in Fighting
  5903 | D:5      | Reached XP level 8. HP: 27/53 MP: 8/8
  6721 | D:5      | Reached skill level 8 in Fighting
  6860 | D:5      | Found a staircase to the Ecumenical Temple.
  6875 | Temple   | Entered the Ecumenical Temple
  7257 | D:5      | Killed a two-headed ogre
  7258 | D:5      | Reached skill level 9 in Fighting
  7258 | D:5      | Reached XP level 9. HP: 17/60 MP: 9/9
  7583 | D:4      | Bought a +2 pair of gloves of hurling for 215 gold pieces
  8516 | D:6      | Reached skill level 10 in Fighting
  8565 | D:6      | Reached skill level 1 in Stealth
  8808 | D:7      | Found Zamuegh's Jewellery Emporium.
  8886 | D:7      | Reached skill level 1 in Throwing
 10119 | D:7      | Reached XP level 10. HP: 68/68 MP: 10/10
 10277 | D:7      | Found a glowing silver altar of Zin.
 10284 | D:7      | Found a broken altar of Ashenzari.
 10287 | D:7      | Found a hide-covered altar of Uskayaw.
 10287 | D:7      | Found a blossoming altar of Fedhas.
 10294 | D:7      | Found a snail-covered altar of Cheibriados.
 10724 | D:8      | Noticed Joseph
 11042 | D:8      | Found a flagged portal.
 11046 | D:8      | Identified the +10 halberd of Exquisite Death {holy, rF+}
 11051 | Bailey   | Entered a bailey
 11453 | Bailey   | Noticed an orc knight
 11458 | Bailey   | Mangled by an orc warrior

Illustrated notes

Levels and vault maps discovered:
D:1:      lemuel_arrival_funnel, layout_basic, shapermc_ecumenical_altar_ellora,
          dk_noncrumbling_2, minmay_misc_feat_roman,
          ebering_dispersal_statue_hall
D:2:      layout_rooms, minmay_goblin_outpost
D:3:      layout_loops_ring, gammafunk_ghost_necromancy, minmay_misc_feat_five,
          uniq_ijyb
D:4:      layout_basic, biasface_ghost_orc_armoury, serial_shops,
          nicolae_shop_stone, shop, shop, nicolae_shop_behind_doors
D:5:      layout_loops_cross, xom_confusion_cloud, temple_green, serial_shops,
          shop, uniq_menkaure
D:6:      layout_loops_ring
D:7:      layout_loops_cross, nicolae_overflow_hallway_of_the_gods,
          serial_shops, nicolae_stop_n_shop_2
D:8:      cheibrodos_helix_gallery, layout_basic,
          grunt_lair_entry_orc_guard_hut, serial_shops,
          nicolae_shop_bloodbath_and_beyond, enter_bailey_2, uniq_joseph
Temple:   oiseaux_autumnal_temple
Bailey:   bailey_polearm_elven_captive_hellmonk, bailey

Skill      XL: |  1  2  3  4  5  6  7  8  9 10 |
---------------+-------------------------------+-----
Fighting       | 4 5 7 9 10 | 10.8
Maces & Flails | 3 4 6 8 9 |  9.7
Armour         | 4 5 |  5.0
Stealth        | 3 4 |  4.5
Throwing       | 2 |  2.0
Shields        | |  3.2

Action                   |  1- 3 |  4- 6 |  7- 9 | 10-12 || total
-------------------------+-------+-------+-------+-------++-------
Melee: Flail             |    89 |   249 |   382 |    95 ||   815
Throw: Stone             |       |     9 |    99 |    17 ||   125
       Throwing net      |       |       |     1 |       ||     1
       Dart              |       |       |     6 |     4 ||    10
Evoke: Wand              |       |       |     5 |     2 ||     7
  Use: Scroll            |       |       |    11 |     2 ||    13
       Potion            |       |       |     2 |       ||     2
Armor: Scale mail        |    59 |    53 |       |       ||   112
       Chain mail        |       |   119 |   280 |    61 ||   460
Dodge: Dodged            |    39 |   107 |   126 |    37 ||   309
Block: Buckler           |    13 |    57 |    70 |    20 ||   160
